[Event "Hungarian Youth-ch U18 2022"]
[Site "Eger"]
[Date "2022.07.29"]
[Round "7.3"]
[White "Reviczki, Roland"]
[Black "Virag, Balint"]
[Result "0-1"]
[ECO "C00"]
[WhiteElo "2160"]
[BlackElo "2164"]
[Annotator "TA"]
[PlyCount "148"]
[EventDate "2022.07.21"]
[EventType "tourn"]
[EventCountry "HUN"]
[SourceTitle "playchess.com"]
[Source "ChessBase"]
[SourceQuality "1"]
[TimeControl "40/5400+30:1800+30"]

1. e4 e6 2. d4 d5 3. Bd3 dxe4 4. Bxe4 Nf6 5. Bf3 c5 6. Ne2 Nc6 {[%emt 0:01:11] C01: French: Exchange Variation.} 7. Be3 cxd4 8. Nxd4 Ne5 {[%emt 0:01:00] The position is equal.} 9. Nc3 Nxf3+ (9... Be7 $11 {remains equal.}) 10. Qxf3 $16 (10. Nxf3 Qxd1+ 11. Rxd1 Bb4) (10. Nxf3 $6 Qxd1+ 11. Rxd1 Bb4 $11) 10... a6 11. O-O-O $1 {[%emt 0:01:58] [#]} Bd6 $146 (11... Bd7) (11... Bd7 $16) ({Predecessor:} 11... Bd7 12. Qxb7 Qc8 13. Qxc8+ Rxc8 14. Rhe1 Bb4 15. Bd2 O-O 16. a3 Bxc3 17. Bxc3 Nd5 {1-0 (42) Garcia Ramos,D (2367)-Quispe Damian,F (1610) Chess.com INT 2020}) 12. Nf5 $2 exf5 $14 13. Bc5 $1 {[%emt 0:00:37][%mdl 64] Pin} Ne4 (13... Bxc5 14. Rxd8+ Kxd8 15. Na4) 14. Nxe4 fxe4 15. Qxe4+ (15. Qe3 O-O 16. Rxd6) (15. Qe3 $14 {was the only good move.} O-O 16. Rxd6) 15... Qe7 $1 $17 16. Rhe1 Bxc5 17. Qa4+ Kf8 18. Rxe7 Bxe7 19. Qa5 (19. Qe4) (19. Re1 $17 {keeps fighting.}) 19... g6 20. Qc7 (20. Qe5 Rg8 21. a3) 20... Be6 21. f4 (21. Qxb7 Bg5+ 22. Kb1 (22. f4 Bxf4+ 23. Kb1 Kg7) 22... Kg7) (21. Qxb7 Bg5+ 22. Kb1 (22. f4 $2 Bxf4+ 23. Kb1 Kg7 $19) 22... Kg7) 21... Re8 (21... Bxa2 22. Rd7 Re8 23. b3) (21... Bxa2 22. Rd7 Re8 23. b3 $18) 22. Qxb7 Kg7 (22... Bxa2 23. Qc7) 23. Qf3 h5 {[%emt 0:03:25][%cal Bh7h5,Bh5h4][%mdl 32] Against g4} (23... Bxa2 24. g4) (23... Bxa2 24. g4) 24. h3 h4 (24... Bxa2 25. g4) (24... Bxa2 $2 25. g4 $19) 25. Rd4 Bf6 {[%emt 0:01:46] This bishop pair is nice.} (25... Bxa2 26. b3 Ba3+ 27. Kd1) 26. Rd6 Bf5 $2 (26... Bxa2 27. Rxf6 Kxf6 28. Qc3+ Kf5 29. Qa5+ Kxf4 30. Qxa2) (26... a5 27. Qa3 Rb8) ({Inferior is} 26... Bxa2 27. Rxf6 Kxf6 28. Qc3+ Kf5 29. Qa5+ Kxf4 30. Qxa2 $11) (26... a5 $19 {Hoping for ...Rd8.} 27. b3 Rd8 28. Rxd8 Rxd8) 27. Rxf6 $1 $11 {[%emt 0:04:24][%mdl 64] Remove Defender} Kxf6 28. Qc3+ Ke7 29. Qa3+ Ke6 30. Qxa6+ Kd5 (30... Ke7 $5 31. Qa3+ Kd7 $11) 31. Qb7+ Ke6 32. Qc6+ Ke7 33. Qc5+ Kf6 34. Qd4+ Ke7 35. Qb4+ Kf6 36. Qc3+ Ke7 37. Qa3+ Kf6 {[%emt 0:00:45] And now ...Kg7 would win.} 38. Qc3+ Ke7 39. Qb4+ Kf6 40. Qd4+ Ke7 41. c4 $2 (41. Qc5+ $11 {and White has nothing to worry.} Kd7 42. Qd5+ Ke7 43. Qe5+ Kd8 44. Qf6+ Kc8 45. Qc6+ Kb8 46. Qb5+ Ka8 47. Qa4+ Kb8 48. Qb5+ Ka8 49. Qc6+ Kb8 50. Qd6+ Ka8 51. Qd5+ Kb8 52. Qb5+) 41... Rc8 (41... f6 $1 $19 {is more deadly. Threatens to win with ...Rd8.} 42. b3 Rd8) 42. b3 $17 Rh5 (42... f6 $1 $17 {...Rcd8 is the strong threat.} 43. Qa7+ Kf8) 43. a4 $15 Be6 44. Kb2 Kf8 45. Ka3 (45. f5 $15 Bxf5 46. a5) 45... Kg8 $17 46. Qd6 (46. Qf6 $17 {was called for.}) 46... Rhc5 $19 47. Qe7 Bxc4 48. bxc4 $11 Rxc4 $17 {[%emt 0:00:01][%mdl 4096] Endgame KQ-KRR} 49. a5 (49. Qxh4 Ra8 50. Kb3 Rcxa4 $17) 49... Ra8 50. Kb3 $2 (50. f5 $1 $11 Rxa5+ 51. Kb3) 50... Rxf4 $19 51. Qb7 Re8 52. Qb6 (52. a6 {is a better defense.} Re3+ 53. Kc2 Rf2+ 54. Kd1) 52... Rf1 53. Kb2 {[%emt 0:00:59] Prevents Rb1+.} Re2+ ({Better is} 53... Rfe1 $1 $19 {aiming for ...R1e2+.} 54. a6 R1e2+ 55. Kb3 Kg7) 54. Kc3 $15 Rxg2 55. Qd8+ Kg7 56. Qd4+ f6 {[%emt 0:05:02] White must now prevent ...Rc1+.} 57. Qxh4 $2 ({Reject} 57. Qd7+ Kh6 58. a6 Rf4) (57. a6 $11) 57... Rf3+ $19 58. Kb4 Rgf2 59. Kb5 {[%emt 0:00:16] [#]} Rf5+ $1 60. Kc6 {[%emt 0:02:07] [#]} Rc2+ $1 ({Don't go for} 60... Ra2 $2 61. Qb4 $17) 61. Kd6 Rxa5 62. Qb4 Ra7 (62... Ra6+ $142 63. Kd5 Ra7) 63. h4 Rcc7 64. Qg4 {[%emt 0:00:52] Inhibits Rd7+.} (64. h5 $142 Rd7+ 65. Ke6) 64... Rd7+ $2 (64... Rf7 {Strongly threatening ...Ra6+.} 65. Kc6 Ra5) 65. Ke6 $2 (65. Kc6 $19) 65... Re7+ (65... Rd3 $142 66. h5 Ra6+ 67. Ke7 f5 68. Qh4 Re3+ 69. Kd7 Re4 70. Qf2 Ree6 71. hxg6 Rf6 72. Qe3 f4 73. Qe5 Ra7+ 74. Kd8 f3 75. Kc8 Ra8+ 76. Kb7 Raf8 77. Qe7+ Kxg6 78. Qe1 f2 79. Qf1 R8f7+ 80. Ka8 Kg7 81. Qg2+ Rg6 82. Qf1 Kg8 83. Qd3 Rgg7 84. Qd8+ Rf8 85. Qxf8+ Kxf8 86. Kb8 Kg8 87. Kc8 f1=Q 88. Kd8 Qf8#) 66. Kd6 Re5 67. Qc4 {[%emt 0:00:18] Inhibits Ra6+.} Rae7 68. Qc3 R7e6+ 69. Kd7 Kh6 (69... Ra6 $142 {( -> ...Ree6)} 70. Qb4 Rae6) 70. Qf3 (70. Qb3 $142) 70... Ra6 71. Qf4+ Kg7 72. Qd4 Raa5 (72... Ree6 $142 73. Qf4 Rac6 74. Qg3 Kf7 75. Qb3 f5 76. Qa2 f4 77. Qb3 Kg7 78. h5 Rf6 79. hxg6 f3 80. Qa3 Rcd6+ 81. Qxd6 Rxd6+ 82. Kxd6 f2 83. Kd5 f1=Q 84. Kd4 Kxg6 85. Kc3 Qb5 86. Kd4 Qb4+ 87. Ke3 Kf5 88. Kd3 Kf4 89. Ke2 Qd4 90. Kf1 Kf3 91. Ke1 Qd8 92. Kf1 Qd1#) 73. Qf4 (73. Kc7 $19) 73... Rac5 74. Kd6 Kf7 {[%emt 0:00:52] Quite a comeback for Black.  Weighted Error Value: White=0.46/Black=0.25 (precise)} 0-1

[Event "Hungarian Youth-ch U18 2022"]
[Site "Eger"]
[Date "2022.07.29"]
[Round "7.4"]
[White "Kiss, Eniko"]
[Black "Toth, Nikoletta"]
[Result "1/2-1/2"]
[ECO "A13"]
[WhiteElo "1646"]
[BlackElo "1914"]
[Annotator "TA"]
[PlyCount "57"]
[EventDate "2022.07.21"]
[EventType "tourn"]
[EventCountry "HUN"]
[SourceTitle "playchess.com"]
[Source "ChessBase"]
[SourceQuality "1"]
[TimeControl "40/5400+30:1800+30"]

1. c4 e6 2. e4 d5 3. exd5 exd5 4. d4 Nf6 5. Nc3 c6 6. Nf3 Be7 7. Be2 {[%emt 0:00:33] C01: French: Exchange Variation.} Bg4 8. Qb3 Qb6 9. Qxb6 {[%emt 0:03:05] White has an edge.} (9. h3 {is interesting.} Bxf3 10. Bxf3 dxc4 11. Qxc4 O-O 12. O-O) 9... axb6 10. cxd5 {[%emt 0:05:44] [#]} Nxd5 $146 ({Predecessor:} 10... cxd5 11. Bg5 Nbd7 12. O-O O-O 13. h3 Be6 14. Ne5 Bb4 15. Nxd7 Nxd7 16. Bf3 h6 {1-0 (34) Sharovatova,A (2244)-Kharitonova Orsk 2000}) 11. Nxd5 cxd5 12. h3 Bf5 13. O-O O-O 14. Bf4 Rc8 15. Rfc1 Nc6 16. Bd2 Be4 17. Bc3 Bf6 18. Rd1 Rd8 19. Ne1 Re8 20. Bb5 Re7 21. f3 Bf5 22. g4 Bd7 23. a4 (23. Nc2) 23... h5 24. Ng2 hxg4 (24... Nxd4 $5 25. Bxd4 Bxd4+ 26. Rxd4 Bxb5 $15) 25. hxg4 {[%emt 0:00:19] [#]} (25. Nf4 $5 ) 25... Nb8 (25... Nxd4 $1 $11 26. Bxd4 Bxd4+ 27. Rxd4 Bxb5) 26. Bb4 $14 Re8 27. Bxd7 Nxd7 28. Nf4 b5 29. a5 {[%emt 0:01:38] Weighted Error Value: White=0.06 (flawless) /Black=0.11 (very precise)} 1/2-1/2

[Event "Hungarian Youth-ch U18 2022"]
[Site "Eger"]
[Date "2022.07.29"]
[Round "7.5"]
[White "Ivan, Reka Gyongyver"]
[Black "Koltai, Dora"]
[Result "1/2-1/2"]
[ECO "D00"]
[WhiteElo "1877"]
[BlackElo "1764"]
[Annotator "NA RC COMBH"]
[PlyCount "96"]
[EventDate "2022.07.21"]
[EventType "tourn"]
[EventCountry "HUN"]
[SourceTitle "playchess.com"]
[Source "ChessBase"]
[SourceQuality "1"]
[TimeControl "40/5400+30:1800+30"]

1. d4 d5 2. Bf4 Nf6 3. e3 c5 4. c3 e6 5. Nd2 Bd6 6. Bb5+ Nc6 7. Bxc6+ bxc6 8. Bxd6 Qxd6 9. Qa4 O-O 10. Ngf3 cxd4 11. cxd4 Nd7 ({Black should try} 11... c5 $11) 12. Rc1 Bb7 13. O-O Rfc8 14. Nb3 (14. Rc3 $14 {might be stronger.}) 14... a5 $1 15. Nc5 ({But not} 15. Nxa5 Ba6 16. Rxc6 Rxc6 17. Nxc6 Nb6 $17) 15... Ba6 16. Rfe1 Bb5 17. Qc2 a4 18. Nxd7 Qxd7 19. Ne5 Qc7 20. f4 f6 21. Nf3 Ra5 22. Qd2 Bc4 23. a3 c5 24. Rc3 (24. e4 $11 {feels stronger.}) 24... Qb6 25. Qc1 Rb5 26. dxc5 Rbxc5 27. Nd4 Bb3 ({Black should try} 27... e5 $17 28. fxe5 fxe5) 28. Qd2 (28. Rxc5 $11 {was the only way to keep the balance.} Rxc5 29. Qd2) 28... Rxc3 29. bxc3 $17 e5 30. fxe5 fxe5 31. Nf3 Re8 32. Qb2 Qc5 33. Kh1 Qc6 34. Rc1 Qf6 35. Qd2 Qe7 36. Ra1 Qc5 37. h3 h6 38. Qc1 Qc7 39. Qe1 Qc5 40. Qd2 Qe7 41. Qf2 Rc8 42. Qd2 Qc7 43. Rc1 Rf8 44. Qe1 Qd6 45. Ra1 Qf6 46. Qg3 e4 47. Nd4 Rc8 48. Qe1 Qb6 1/2-1/2

[Event "Hungarian Youth-ch U18 2022"]
[Site "Eger"]
[Date "2022.07.29"]
[Round "7.6"]
[White "Sulyok, Eszter"]
[Black "Somogyi, Barbara"]
[Result "1/2-1/2"]
[ECO "D02"]
[WhiteElo "2091"]
[BlackElo "1682"]
[Annotator "TA"]
[PlyCount "142"]
[EventDate "2022.07.21"]
[EventType "tourn"]
[EventCountry "HUN"]
[SourceTitle "playchess.com"]
[Source "ChessBase"]
[SourceQuality "1"]
[TimeControl "40/5400+30:1800+30"]

1. Nf3 d5 2. d4 Nf6 3. c4 e6 4. g3 Bd6 5. Bg2 O-O 6. O-O Nbd7 7. Nc3 c6 8. b3 b6 9. cxd5 {[%emt 0:04:02] E01: Catalan: Early deviations.} Nxd5 {[%emt 0:02:47] [#]} 10. Ne4 $146 ({Predecessor:} 10. Bb2 Ba6 11. Nd2 Rc8 12. Re1 Nxc3 13. Bxc3 c5 14. Ne4 Be7 15. e3 f5 16. Nd2 cxd4 17. Bxd4 {0-1 (63) Perera Gonzalez,P (2230)-Vega Gutierrez,S (2282) Santa Cruz de Tenerife 2006}) 10... N7f6 (10... Be7) (10... Be7 $11 {remains equal.}) 11. Nxd6 $16 {[%emt 0:05:00] White is clearly better.} Qxd6 12. Bb2 Ba6 13. Re1 Qc7 14. Rc1 Rac8 15. Ne5 {[%emt 0:05:49] Hoping for e4.} Bb7 16. e4 Ne7 17. b4 {[%emt 0:03:56] White is more active.} Nd7 18. Nxc6 Nxc6 19. b5 Qd8 {[%emt 0:03:01] White must now prevent ...Na5.} 20. bxc6 Bxc6 21. d5 exd5 22. exd5 $40 {[%emt 0:00:14][%mdl 128] Black is in trouble.} Ba8 (22... Bb7 23. Rxc8 Bxc8) (22... Bb7 $16 23. Rxc8 Bxc8) 23. Rxc8 Qxc8 24. Re7 {[%emt 0:03:10] aiming for Bh3.} Nc5 $2 (24... Nf6 25. Bxf6 (25. Rxa7 Qf5) 25... gxf6) (24... Nf6 25. Bxf6 (25. Rxa7 Qf5 $18) 25... gxf6) 25. Qh5 $18 h6 {[%emt 0:06:52] Against Qg5} 26. Qe5 $2 (26. Bh3 Qd8 27. Qg4 $1) 26... Qg4 27. h3 $1 ({Worse is} 27. Rxa7 Nd3 28. f3 Qg6 $17) 27... Qg6 28. Qd4 (28. Rxa7 Nd3 29. Qe2 Nxb2 $16) 28... Rd8 $2 (28... h5 29. Rxa7 h4) 29. Rxa7 Qg5 30. d6 ({White has to play} 30. h4 $18 Qg6 31. a4) 30... Bxg2 31. Kxg2 Qg6 {[%emt 0:00:54] [#]} 32. d7 (32. Qe5 $1 $16) 32... Qc6+ $1 $11 33. Kh2 Ne6 34. Qd2 Nc5 {[%emt 0:01:33] [#]} (34... b5 $11) 35. Qd4 (35. Qc3 $1 $16 f6 36. Ba3 (36. Qc4+ Kh8 $14)) 35... Ne6 36. Qc3 Qxc3 ({Black should try} 36... Qd5 $11) 37. Bxc3 {[%emt 0:00:05][%mdl 4096] Endgame KRB-KRN} Nc5 38. Bd4 {[%emt 0:01:14] And now Bxc5 would win.} Rxd7 ({Black should play} 38... Nxd7 $14 39. Be3 Nc5) 39. Rxd7 $16 Nxd7 $14 {[%emt 0:00:01] KB-KN} 40. Kg2 f5 41. Kf3 (41. h4 $16) 41... Kf7 42. g4 fxg4+ 43. hxg4 {[%emt 0:01:16] The position is equal.} g6 44. Kf4 b5 45. a3 Nb8 46. f3 Nc6 47. Bc3 Ke6 48. Bg7 h5 49. gxh5 gxh5 50. Kg5 b4 51. a4 b3 {[%emt 0:00:47][%cal Oh5h4] ...h4! is the strong threat.} 52. Bc3 Na5 53. f4 Nc4 54. f5+ Kf7 55. Kxh5 b2 56. Bxb2 Nxb2 $11 {[%emt 0:00:05] KN-KPP} 57. a5 Nc4 58. a6 Kf6 59. a7 Nb6 60. Kg4 Na8 (60... Ke5 61. Kg5 Na8 62. Kg6 Kd4 63. f6 Nb6 64. f7 Nd7 65. Kg5) 61. Kf4 Nc7 62. Ke4 Na8 63. Kf4 $1 Nc7 64. Ke4 Na8 65. Kd5 Kxf5 {[%emt 0:00:23] KN-KP} 66. Kd6 Kf6 67. Kd7 Kf7 68. Kd8 Kf8 69. Kc8 {[%emt 0:00:05] White threatens Kb7 and mate.} Ke8 70. Kb8 Kd8 71. Kxa8 {[%emt 0:00:05] Intending Kb7 and mate.} Kc8 {[%emt 0:00:05] Black defended with fortune.  Weighted Error Value: White=0.42/Black=0.26 (precise)} 1/2-1/2

[Event "Hungarian Youth-ch U18 2022"]
[Site "Eger"]
[Date "2022.07.29"]
[Round "7.7"]
[White "Juhasz, Judit"]
[Black "Buri, Kata"]
[Result "1-0"]
[ECO "B12"]
[WhiteElo "2037"]
[BlackElo "1730"]
[Annotator "TA"]
[PlyCount "59"]
[EventDate "2022.07.21"]
[EventType "tourn"]
[EventCountry "HUN"]
[SourceTitle "playchess.com"]
[Source "ChessBase"]
[SourceQuality "1"]
[TimeControl "40/5400+30:1800+30"]

1. e4 c6 2. d4 d5 3. e5 Bf5 4. h4 Qc7 5. Nc3 h6 {[%emt 0:03:13] [#]} 6. h5 $146 {[%emt 0:07:40] B12: Caro-Kann: Advance Variation.} ({Predecessor:} 6. g4 Bh7 7. e6 fxe6 8. f4 e5 9. fxe5 e6 10. Bd3 Bxd3 11. Qxd3 Na6 12. a3 {1-0 (41) Sevian,S (2585)-Shimanov,A (2642) Saint Louis 2017}) 6... e6 7. g4 Bh7 8. Bd3 {[%emt 0:00:11] White has an edge.} Bxd3 9. Qxd3 a6 10. Bf4 (10. Be3 $14) 10... c5 $11 11. dxc5 Bxc5 12. Bg3 Nc6 13. Nf3 Nge7 14. a3 Bb6 15. Kf1 g6 (15... Rc8 $15 {stays ahead.}) 16. hxg6 $16 Nxg6 {[%emt 0:01:10] [#]} 17. Re1 ({Better is} 17. Nxd5 $1 $16 exd5 18. e6) 17... O-O-O 18. b4 $1 Nce7 19. Nd2 Nc6 20. Nf3 Nce7 21. Rh5 Qc6 (21... Kb8 $11 {keeps the balance.}) 22. b5 {[%emt 0:03:09] White is more active.} axb5 (22... Qc5 $14 23. Na4 (23. bxa6 $2 Nf4 $19) 23... Qxb5 24. Qxb5 axb5 25. Nxb6+ Kc7) 23. Nxb5 {[%emt 0:00:27] And now Nd6+ would win.} Rdf8 (23... Kb8 $16 {is a better defense.} 24. Rb1 Rd7) 24. Nd6+ Kb8 25. Rb1 f5 $2 (25... Nc8 26. Nd4 Qc7) 26. Nd4 $2 (26. exf6 Rxf6 {[#]} 27. Rxb6 $1 Qxb6 28. Nc4+ Qc7 29. Bxc7+ Kxc7 30. Nce5 Nxe5 31. Nxe5) 26... Qc5 (26... Bxd4 27. Qxd4 (27. Rxb7+ Ka8 $18) 27... Qa6+ 28. Kg2 Ka8) 27. Nxe6 $18 {[%emt 0:00:37] White is clearly winning.} Qc6 28. Nxf8 Rxf8 29. gxf5 Qc5 30. Qb5 {[%emt 0:01:02] Weighted Error Value: White=0.38/Black=0.35} 1-0

[Event "Hungarian Youth-ch U18 2022"]
[Site "Eger"]
[Date "2022.07.30"]
[Round "8.1"]
[White "Juhasz, Agoston"]
[Black "Reviczki, Roland"]
[Result "1-0"]
[ECO "C10"]
[WhiteElo "2344"]
[BlackElo "2160"]
[Annotator "TA"]
[PlyCount "107"]
[EventDate "2022.07.21"]
[EventType "tourn"]
[EventCountry "HUN"]
[SourceTitle "playchess.com"]
[Source "ChessBase"]
[SourceQuality "1"]
[TimeControl "40/5400+30:1800+30"]

1. e4 e6 2. d4 d5 3. Nc3 Nc6 4. e5 f6 5. Nf3 Bd7 6. Bf4 {[%emt 0:03:02] C10: French with 3 Nc3: Unusual Black 3rd moves and 3...dxe4.} (6. Bd3 $14) 6... fxe5 $11 {[%emt 0:06:43] [#]} 7. dxe5 $146 ({Predecessor:} 7. Bxe5 Nxe5 8. Nxe5 Nf6 9. Bd3 Bd6 10. Qf3 Qe7 11. Bg6+ Kf8 12. Bd3 c5 13. Nxd7+ Qxd7 14. dxc5 Bxc5 {1-0 (41) Weber,B (1725)-Boehme,R (1974) Leipzig 2012}) 7... Qe7 8. Qd2 {[%emt 0:07:44] The position is equal.} h6 9. h4 {[%emt 0:16:17] Inhibits g5.} g6 10. Bd3 Qf7 11. h5 Nge7 12. hxg6 Nxg6 13. Bg3 Bg7 14. Bxg6 Qxg6 15. Ne2 O-O-O 16. O-O-O h5 17. Nf4 Qg4 18. Rh4 Qf5 19. Nd3 (19. Rdh1 {is interesting.} Nxe5 20. Nxe5 Bxe5 21. Ng6) 19... Kb8 20. Kb1 b6 21. Rdh1 Rdg8 22. Qg5 Qf7 (22... Qf8 $11) 23. Rxh5 $16 {[%emt 0:02:56] White is more active.} Ne7 24. Rxh8 Bxh8 25. Qh5 Ng6 {[%emt 0:00:57] [#]} (25... Qf8 $16 {is a better defense.}) 26. Nf4 $1 $18 Be8 {[%emt 0:00:18] [#]} 27. Nxg6 $1 Qxg6 28. Qxg6 Bxg6 29. Nd4 {[%emt 0:00:28] Hoping for Nc6+.} Bf7 30. Rh7 Bg7 31. Kc1 (31. b4 $142 {aiming for Nc6+.} Kc8 32. b5) 31... Kc8 $16 32. b4 a6 33. a4 Kd7 {[%emt 0:03:13] Black is on the road to losing.} 34. b5 axb5 35. axb5 Bg6 36. Rh4 Ra8 (36... Bf8 $16 {keeps fighting.}) 37. Rg4 $18 Bh6+ {[%emt 0:00:12] [#]} 38. Bf4 $1 Bh5 $2 (38... Bf5 {might work better.}) 39. Rh4 Bxf4+ 40. Rxf4 {[%emt 0:00:00][%mdl 4096] Endgame KRB-KRN} Ra1+ 41. Kd2 Rd1+ 42. Kc3 Re1 43. Nc6 Rb1 44. Rb4 Rxb4 (44... Ra1 45. Rh4 Bg6) 45. Kxb4 {[%emt 0:01:19] KB-KN} Ke8 46. Kc3 Kf8 47. Nd4 Ke7 48. Kd3 Be8 49. Ke3 {[%emt 0:00:26] Black must now prevent Kf4.} Bd7 50. Kf4 Kf7 51. Kg5 Kg7 52. g4 Bc8 53. f4 {[%emt 0:00:16][%cal Bf2f4,Bf4f5][%mdl 32] Threatening mate with f5.} Bd7 54. f5 {[%emt 0:00:20] Weighted Error Value: White=0.07 (flawless) /Black=0.39} 1-0

[Event "Hungarian Youth-ch U18 2022"]
[Site "Eger"]
[Date "2022.07.30"]
[Round "8.2"]
[White "Forgacs, Attila Jr."]
[Black "Baski, Barnabas"]
[Result "1/2-1/2"]
[ECO "C99"]
[WhiteElo "2215"]
[BlackElo "2142"]
[Annotator "TA"]
[PlyCount "72"]
[EventDate "2022.07.21"]
[EventType "tourn"]
[EventCountry "HUN"]
[SourceTitle "playchess.com"]
[Source "ChessBase"]
[SourceQuality "1"]
[TimeControl "40/5400+30:1800+30"]

1. e4 e5 2. Nf3 Nc6 3. Bb5 a6 4. Ba4 Nf6 5. O-O Be7 6. Re1 b5 7. Bb3 d6 8. c3 O-O 9. h3 Na5 10. Bc2 c5 11. d4 Qc7 12. Nbd2 cxd4 13. cxd4 Nc6 14. Nb3 a5 15. Be3 a4 16. Nbd2 Bd7 17. Rc1 {[%emt 0:01:37] 17.Rc1 has become a bit dusty these days.} Qb7 18. Bb1 {[%emt 0:03:17] C99: Closed Ruy Lopez: Chigorin Defence: 11 d4 Qc7 12 Nbd2 cxd4.} Rfc8 19. a3 Bd8 20. Qe2 Ba5 {[%emt 0:16:25] [#]} 21. d5 $146 ({Predecessor:} 21. Red1 h6 22. Bd3 Rc7 23. Nf1 Bb6 24. dxe5 Nxe5 25. Rxc7 Bxc7 26. Nxe5 dxe5 27. Qf3 {½-½ (40) Dauga,Z (2507)-Hofstetter,H (2407) ICCF email 2009}) 21... Ne7 22. Nh4 Kh8 23. f4 Ne8 24. fxe5 dxe5 25. Qh5 {[%emt 0:03:09] Rxc8 is the strong threat.} f6 26. Qf7 Ng8 27. Nf5 $2 {[%emt 0:04:36] [#] Against Nd6} (27. Rxc8 $11 {and White is okay.} Rxc8 28. Qh5 (28. Nf5 $2 g6 $19)) 27... Bb6 $2 (27... g6 $1 $19 28. Ne7 Nd6 29. Nxg6+ hxg6 30. Qxg6 Be8) 28. Rxc8 {[%emt 0:06:52] Really sharp!} (28. Ba2 {is interesting.} Bxe3+ 29. Kh1 Rxc1 30. Rxc1 Bc8 31. Qxb7 Bxb7 32. Nxe3 Bc8 33. Kg1) 28... Bxc8 (28... Bxe3+ $14 29. Rxe3 Qxc8) 29. Qxb7 $40 {[%emt 0:16:22][%mdl 128] White wants a kill. White is much more active.} ({Much worse is} 29. Qxe8 Bxf5 30. Qh5 Bxe3+ 31. Rxe3 Bd7 $11) 29... Bxe3+ 30. Rxe3 ({White should try} 30. Nxe3 $16 Bxb7 31. Rc1) 30... Bxb7 $14 31. Rc3 g6 32. Ne3 Rc8 33. Rxc8 Bxc8 34. b3 axb3 35. Nxb3 Nd6 36. g4 {[%emt 0:03:21] Prevents f5.} Ne7 {[%emt 0:02:57] Weighted Error Value: White=0.27 (precise) /Black=0.33} 1/2-1/2

[Event "Hungarian Youth-ch U18 2022"]
[Site "Eger"]
[Date "2022.07.30"]
[Round "8.3"]
[White "Karacsonyi, Gellert"]
[Black "Daroczi, Donat"]
[Result "1-0"]
[ECO "D02"]
[WhiteElo "2338"]
[BlackElo "2163"]
[Annotator "TA"]
[PlyCount "89"]
[EventDate "2022.07.21"]
[EventType "tourn"]
[EventCountry "HUN"]
[SourceTitle "playchess.com"]
[Source "ChessBase"]
[SourceQuality "1"]
[TimeControl "40/5400+30:1800+30"]

1. d4 d5 2. Nf3 Nf6 3. Bf4 c5 4. e3 Nc6 5. Nbd2 e6 6. c3 Bd6 {[%emt 0:01:12] 6...Nh5 is a critical line.} 7. Bg3 a6 {[%emt 0:02:40] D02: 1 d4 d5 2 Nf3 sidelines, including 2...Nf6 3 g3 and 2...Nf6 3 Bf4.} 8. Bd3 O-O 9. Ne5 Qc7 {[%emt 0:02:06][%cal Rc6e5] The position is equal.} 10. f4 Nd7 11. O-O f5 12. Kh1 Nf6 13. Bh4 {[%emt 0:01:49] [#]} c4 $146 ({Predecessor:} 13... Ne4 14. Nxe4 dxe4 15. Bc2 b5 16. a4 Bb7 17. Qe2 bxa4 18. Qc4 Rfe8 19. Bxa4 Bf8 {1-0 (57) Schindler,S (2260)-Graefe,C (1889) Berlin 2009}) 14. Bc2 Ne4 15. Ndf3 b5 16. a3 a5 17. Rg1 Bd7 18. g4 b4 ({Black should play} 18... Rae8 $14) 19. axb4 (19. gxf5 $18 {Strongly threatening Bxe4.} exf5 20. axb4) 19... axb4 (19... Kh8 $16 20. gxf5 exf5) 20. Rxa8 $18 Rxa8 21. gxf5 exf5 22. Bxe4 fxe4 23. Bf6 $2 (23. Ng5 $1 $18 {[%cal Rg5h7] Black must now prevent Nxh7!} Bf5 24. Ngf7) 23... Bf8 $11 24. Nh4 {[%emt 0:17:18] Threatens to win with Qh5. Pair of Knights!} Bc8 $2 (24... bxc3 $11 {and Black is okay.} 25. bxc3 Qd6) 25. f5 Qd6 $2 (25... bxc3 26. Bxg7 (26. bxc3 Qd6 $14) 26... Bxg7) 26. Bg5 $2 (26. Qh5 $1 $18 {[%cal Rh5f7] White threatens Qf7+ and mate.} Qxf6 27. Ng4 Qxh4 28. Qxh4) 26... Ra7 (26... Nxe5 $2 27. dxe5 Qc6 28. cxb4) (26... bxc3 $16 27. bxc3 Ra6) 27. Bf4 Qf6 {[%emt 0:00:57] aiming for ...Nxe5.} 28. Bg5 Qd6 29. Bf4 Qf6 $1 30. Nxc6 (30. Qh5 $16 {And now Ng4 would win.} Nxe5 31. dxe5) 30... Qxc6 31. cxb4 Rf7 32. Qh5 Be7 (32... Bxb4 $14 33. Be5 Bf8) 33. Ng6 {[%emt 0:06:13] White is more active.} Bf6 {[%emt 0:04:08] [#]} (33... hxg6 $2 34. fxg6 Bf6 35. gxf7+ $18) (33... Qb7 $1 $14) 34. Ne5 $1 $18 ({And not} 34. Nh8 Ra7 35. b5 Qd7 $19) 34... Bxe5 35. Bxe5 Bxf5 {[%emt 0:01:45] [#]} (35... Qa4 {keeps fighting.}) 36. Bxg7 $1 Bg6 37. Be5 $40 {[%emt 0:00:11][%mdl 128] Hoping for Qh3. White goes for the king.} Rf1 {[%emt 0:01:12] ( -> ...Rxg1+)} 38. Qg5 Rxg1+ 39. Kxg1 {[%emt 0:00:02][%mdl 4096] Endgame KQB-KQB} Qd7 $2 (39... Kf7 40. Qd8 Bf5) 40. b5 {[%emt 0:00:00] b6 is the strong threat.} Qxb5 {[%emt 0:00:00] [#]} (40... Qf5 $18 41. Qd8+ Kf7 42. Qxd5+ Ke8 43. Qc6+ (43. Qxc4 Qg4+ 44. Bg3 Qd1+ 45. Qf1 Qxf1+ 46. Kxf1 Kd7 $18) 43... Kf8 44. Qd6+ (44. Qxc4 Qg4+ 45. Bg3 Qd1+ 46. Qf1+ Qxf1+ 47. Kxf1 Be8 $16) 44... Ke8 45. Qb8+ Kf7 46. Qb7+ Ke8) 41. Qe7 $1 {[%emt 0:04:49][%csl Ge5][%cal Re7g7] White mates.} Bf7 42. Qd8+ Be8 43. Qf6 Qd7 44. Qh8+ Kf7 45. Qg7+ {[%emt 0:00:04] Weighted Error Value: White=0.38/Black=0.67} 1-0